 Dungeon Crawl Stone Soup version 0.28.0-43-g3370ac3207 (console) character file.

Game seed: 15155975278263682970

219 Zeor the Sneak (level 5, 0/24 HPs)
             Began as a Vine Stalker Enchanter on Mar 13, 2022.
             Slain by an orc
             ... wielding a +0 trident
              (2 damage)
             ... on level 3 of the Dungeon.
             The game lasted 00:10:55 (2522 turns).

Zeor the Sneak (Vine Stalker Enchanter)             Turns: 2522, Time: 00:10:55

Health: 0/24       AC:  7    Str: 10    XL:     5   Next: 96%
Magic:  0/10       EV: 11    Int: 17    God:
Gold:   144        SH:  4    Dex: 18    Spells: 2/10 levels left

rFire   . . .      SeeInvis .   a - +2 dagger (elec)
rCold   . . .      Faith    .   n - +0 buckler
rNeg    . . .      Spirit   +   q - +1 leather armour of the Eternal Void {rElec Dex+3}
rPois   .          Reflect  .   (no helmet)
rElec   +          Harm     .   s - +0 cloak
rCorr   .          Rampage  .   e - +0 pair of gloves
Will    .....                   j - +0 pair of boots
Stlth   +++.......              (no amulet)
HPRegen 0.88/turn               (no ring)
MPRegen 0.12/turn               (no ring)

@: hasted, very quick
A: fangs 2, regeneration 1, magic shield, antimagic bite, no potion heal 2
a: no special abilities


You were on level 3 of the Dungeon.
You visited 1 branch of the dungeon, and saw 3 of its levels.

You collected 144 gold pieces.

Inventory:

Hand Weapons
 a - a +2 dagger of electrocution (weapon)
 r - a +2 dagger
Missiles
 d - 20 arrows
 f - 9 javelins (quivered)
 o - a throwing net
Armour
 e - a +0 pair of gloves (worn)
 j - a +0 pair of boots (worn)
 n - a +0 buckler (worn)
 q - the +1 leather armour of the Eternal Void (worn) {rElec Dex+3}
   (You found it on level 3 of the Dungeon)

   Dex:       It affects your dexterity (+3).
   rElec:     It insulates you from electricity.
 s - a +0 cloak (worn)
Magical Staves
 l - a staff of poison
 m - a staff of death
Jewellery
 i - a ring of poison resistance
Wands
 k - a wand of polymorph (3)
Scrolls
 g - 2 scrolls of teleportation
 h - a scroll of silence
Potions
 b - a potion of curing {unknown}
 c - 2 potions of invisibility
 t - a potion of lignification {unknown}


   Skills:
 + Level 0.1 Fighting
 + Level 1.8 Short Blades
 + Level 1.9 Dodging
 + Level 5.8 Stealth
 * Level 1.0 Shields
 + Level 3.1 Spellcasting
 + Level 3.5 Hexes
 + Level 1.1 Ice Magic


You had 2 spell levels left.
You knew the following spells:

 Your Spells              Type           Power      Damage    Failure   Level
a - Ensorcelled Hibernat  Hex/Ice        20%        N/A       19%         2
b - Tukima's Dance        Hex            14%        N/A       22%         3
c - Dazzling Flash        Conj/Hex       16%        N/A       43%         3

Your spell library contained the following spells:

 Spells                   Type           Power      Damage    Failure   Level
 Confusing Touch          Hex            14%        N/A       22%         3
 Portal Projectile        Hex/Tloc       16%        N/A       43%         3
 Call Canine Familiar     Summ           2%         N/A       67%         3
 Leda's Liquefaction      Hex/Erth       4%         N/A       83%         4


Dungeon Overview and Level Annotations

Branches:
Dungeon (3/15)

Altars:
Yredelemnul


Innate Abilities, Weirdness & Mutations

You have extremely sharp teeth.
Your natural rate of healing is unusually fast.
When hurt, damage is shared between your health and your magic reserves.
Your bite disrupts and absorbs the magic of your enemies.
Potions cannot restore your health.


Message History

Aim: an orc, wielding a +0 short sword and wearing a +0 scale mail (64% to hit)
Okay, then.
You barely miss the orc. Your bite misses the orc.
The orc hits you but does no damage. The orc barely misses you.
You hit the orc but do no damage. You bite the orc, but do no damage.
You block the orc's attack.
You hit the orc but do no damage. The orc barely misses you.
The orc hits you but does no damage.
You hit the orc. Your bite misses the orc.
The orc is heavily wounded.
The orc hits you with a +0 short sword.
You barely miss the orc.
The orc is heavily wounded.
You block the orc's attack.
You hit the orc.
You kill the orc!
You barely miss the orc.
The kobold shouts!
Your bite misses the orc.
You hear a shout!
The orc hits you with a +0 whip.
The orc hits you from afar with a +0 trident!
You hit the orc but do no damage. Lightning courses through the orc!!
You kill the orc!
The orc hits you but does no damage.
Your Shields skill increases to level 1!
The orc hits you with a +0 trident.
Items here: ))) [[ †.
Casting: Ensorcelled Hibernation (safe; 19% risk of failure)
Confirm with . or Enter, or press ? or * to list all spells.
You don't have enough magic to cast this spell.
You hit the orc. Your bite misses the orc.
The orc is lightly wounded.
The orc closely misses you.
It was a potion of haste.
You feel yourself speed up.
The orc priest calls down the wrath of Beogh upon you.
Beogh smites you!
* * * LOW HITPOINT WARNING * * *
The orc hits you with a +0 trident.
You die... ▒∙∙∙∙▒ ▒▒▒▒▒▒ ▒▒▒▒▒ ▒▒▒▒▒▒▒▒∙▒▒▒∙∙∙∙∙∙ ∙∙∙∙∙

∙∙∙∙∙∙∙∙∙∙∙∙∙▒ ▒▒▒▒▒
▒▒▒▒▒▒▒▒▒▒∙▒▒▒ ▒∙▒▒
▒▒▒▒▒ ▒∙∙▒▒ ▒∙∙∙∙∙
▒▒∙∙▒▒▒∙oo∙∙∙
∙∙∙∙∙▒▒∙∙∙∙▒▒∙∙▒∙∙o∙∙∙∙
∙∙∙▒∙▒▒∙∙∙∙▒▒▒f▒∙∙∙∙∙∙∙
▒∙∙∙▒▒∙∙∙∙▒ ▒)oh∙∙∙∙∙∙
▒∙∙▒▒∙∙∙∙▒
▒▒▒∙∙∙∙o∙∙∙∙∙∙
▒∙∙∙∙∙∙∙∙▒


∙∙∙∙∙∙∙∙∙∙∙ ▒∙∙∙∙∙∙∙∙▒ ∙∙∙o∙∙∙∙∙(∙ ▒∙∙∙∙∙∙∙∙▒ ▒∙∙∙∙∙∙∙∙∙∙ ▒∙∙∙∙∙∙∙∙▒▒ ▒∙∙∙∙∙▒∙∙∙
▒∙∙∙∙∙∙∙∙∙▒▒▒▒▒▒▒▒▒▒▒▒∙∙∙▒▒ ▒ ▒▒∙▒∙▒∙>∙∙∙∙∙∙∙▒ ▒∙∙▒▒ You could see 2 orc
priests, an orc and a jackal.

Vanquished Creatures
  Natasha (thrice) (D:2)
  2 orc wizards (D:3)
  An adder (D:2)
  A worm (D:3)
  2 dart slugs
  6 orcs (D:3)
  6 bats
  5 endoplasms
  A giant cockroach (D:2)
  6 hobgoblins
  9 jackals
  3 quokkas
  4 ball pythons
  4 frilled lizards
  9 goblins
  4 kobolds
  5 rats
71 creatures vanquished.

Notes
Turn   | Place    | Note
-------+----------+-------------------------------------------
     0 | D:1      | Zeor the Vine Stalker Enchanter began the quest for the
                  | Orb.
     0 | D:1      | Reached XP level 1. HP: 9/9 MP: 4/4
    36 | D:1      | Found a faded altar of an unknown god.
   151 | D:1      | Reached skill level 4 in Stealth
   151 | D:1      | Reached XP level 2. HP: 10/13 MP: 6/6
   155 | D:1      | Learned a level 2 spell: Ensorcelled Hibernation
   955 | D:1      | Reached XP level 3. HP: 13/16 MP: 3/7
   959 | D:1      | Reached skill level 1 in Short Blades
  1220 | D:2      | Noticed Natasha
  1228 | D:2      | Killed Natasha
  1361 | D:2      | Noticed Natasha
  1366 | D:2      | Killed Natasha
  1367 | D:2      | Reached skill level 5 in Stealth
  1367 | D:2      | Gained mutation: Your natural rate of healing is unusually
                  | fast. [Vine Stalker growth]
  1367 | D:2      | Reached XP level 4. HP: 21/21 MP: 5/9
  1397 | D:2      | Noticed Natasha
  1404 | D:2      | Killed Natasha
  1555 | D:2      | Reached XP level 5. HP: 24/24 MP: 5/10
  1559 | D:2      | Learned a level 3 spell: Tukima's Dance
  1563 | D:2      | Learned a level 3 spell: Dazzling Flash
  1593 | D:2      | Found a basalt altar of Yredelemnul.
  2162 | D:3      | Identified the +1 leather armour of the Eternal Void {rElec
                  | Dex+3}
  2345 | D:3      | Reached skill level 1 in Ice Magic
  2520 | D:3      | Reached skill level 1 in Shields
  2522 | D:3      | Slain by an orc

Illustrated notes

Levels and vault maps discovered:
D:1:      mrwooster_arrival_statue_3, layout_basic,
          hellmonk_ecumenical_altar_leap_of_faith
D:2:      layout_basic, basic_altar, st_stairs_12, kennysheep_generic_room_2,
          uniq_natasha
D:3:      layout_rooms

Skill      XL: |  1  2  3  4  5 |
---------------+----------------+-----
Stealth        | 4 5 |  5.8
Short Blades   | 1 |  1.8
Spellcasting   | 3 |  3.1
Ice Magic      | 1 |  1.1
Shields        | 1 |  1.0
Fighting       | |  0.1
Dodging        | |  1.9
Hexes          | |  3.5

Action                   |  1- 3 |  4- 6 || total
-------------------------+-------+-------++-------
Melee: Dagger            |    53 |    91 ||   144
       Bite              |    11 |    19 ||    30
Throw: Javelin           |       |     1 ||     1
 Cast: Ensorcelled Hiber |    11 |    25 ||    36
       Dazzling Flash    |       |     1 ||     1
  Use: Scroll            |     2 |     4 ||     6
       Potion            |       |     1 ||     1
 Stab: Sleeping          |    14 |    25 ||    39
Armor: Robe              |    10 |    16 ||    26
       Leather armour    |       |     8 ||     8
Dodge: Dodged            |    21 |    35 ||    56
Block: Buckler           |       |     2 ||     2
